 Dungeon Crawl Stone Soup version 0.23.2-1-ga50397a (webtiles) character file.

Game seed: 11822852566698687923

7060 ohad the Martial Artist (level 11, -4/72 HPs)
             Began as an Octopode Transmuter on May 13, 2019.
             Was an Initiate of Gozag.
             Slain by a porcupine (13 damage)
             ... on level 1 of the Lair of Beasts.
             The game lasted 00:28:00 (10864 turns).

ohad the Martial Artist (Octopode Transmuter)      Turns: 10864, Time: 00:28:00

Health: -4/72      AC:  1    Str: 11    XL:     11   Next: 9%
Magic:  18/18      EV: 16    Int: 18    God:    Gozag
Gold:   1270       SH:  0    Dex: 12    Spells: 5/20 levels left

rFire    . . .     SeeInvis .     - Unarmed
rCold    . . .     Gourm    .   (no shield)
rNeg     . . .     Faith    .   (helmet restricted)
rPois    .         Spirit   .   (no amulet)
rElec    .         Reflect  .   u - ring of wizardry
rCorr    +         Harm     .   y - ring of protection from magic
MR       +....                  L - ring of resist corrosion
Stlth    ++++......             (no ring)
HPRegen  0.22/turn              (no ring)
MPRegen  0.16/turn              (no ring)
                                (no ring)
                                (no ring)

@: about to teleport, very slightly contaminated
A: almost no armour, stealthy swim, amphibious, 8 rings, constrict 8, camouflage
1, gelatinous body 1
a: Potion Petition, Call Merchant, Bribe Branch, Renounce Religion


You were on level 1 of the Lair of Beasts.
You worshipped Gozag.
Gozag was most pleased with you.
You were not hungry.

You visited 3 branches of the dungeon, and saw 12 of its levels.

You collected 1302 gold pieces.
You paid 32 gold pieces to Gozag.

Inventory:

Hand Weapons
 i - a +1 blowgun
Missiles
 a - 66 arrows
 f - 23 poisoned needles
 s - 3 javelins (quivered)
 v - 3 exploding tomahawks
 K - 6 curare-tipped needles
Magical Staves
 m - an uncursed staff of cold {unknown}
Jewellery
 u - a ring of wizardry (left tentacle)
 y - a ring of protection from magic (right tentacle)
 E - an uncursed ring of teleportation
 L - a ring of resist corrosion (on tentacle)
Wands
 e - a wand of flame (14)
 q - a wand of acid (21)
 x - a wand of random effects (37)
 C - a wand of polymorph (6)
 F - a wand of paralysis (6)
 I - a wand of disintegration (3)
Scrolls
 b - 4 scrolls of remove curse
 j - 4 scrolls of fog
 n - 2 scrolls of teleportation
 o - a scroll of enchant weapon
 p - a scroll of enchant armour
 t - a scroll of immolation {unknown}
 H - a scroll of blinking {unknown}
 N - a scroll of amnesia {unknown}
 O - a scroll of vulnerability {unknown}
Potions
 d - a potion of heal wounds
 g - 2 potions of flight
 h - a potion of invisibility
 k - 2 potions of magic
 r - a potion of might
 w - 2 potions of mutation {unknown}
 z - 2 potions of resistance
 A - 2 potions of curing
 B - a potion of ambrosia {unknown}
 J - 3 potions of degeneration
 M - a potion of agility
Comestibles
 c - 7 rations


   Skills:
 - Level 6.0 Fighting
 + Level 6.5 Dodging
 - Level 5.3 Stealth
 - Level 11.1 Unarmed Combat
 - Level 5.1 Spellcasting
 - Level 6.3 Transmutations
 - Level 3.0 Ice Magic


You had 5 spell levels left.
You knew the following spells:

 Your Spells              Type           Power        Failure   Level  Hunger
a - Beastly Appendage     Tmut           ####..       1%          1    None
b - Sticks to Snakes      Tmut           ####....     1%          2    #......
c - Spider Form           Tmut/Pois      ###.......   4%          3    ##.....
d - Ice Form              Ice/Tmut       ###.....     8%          4    ####...
e - Blade Hands           Tmut           ####......   11%         5    ######.

Your spell library contained the following spells:

 Spells                   Type           Power        Failure   Level  Hunger
 Apportation              Tloc           #.....       5%          1    None
 Magic Dart               Conj           #...         5%          1    None
 Summon Butterflies       Summ           #.......     5%          1    None
 Blink                    Tloc           N/A          9%          2    #......
 Call Imp                 Summ           #.......     9%          2    #......
 Slow                     Hex            #.......     9%          2    #......
 Conjure Flame            Conj/Fire      #.......     16%         3    ##.....
 Lesser Beckoning         Tloc           #.........   16%         3    ##.....
 Mephitic Cloud           Conj/Pois/Air  #.......     16%         3    ##.....
 Tukima's Dance           Hex            #.......     16%         3    ##.....
 Alistair's Intoxication  Tmut/Pois      ###.....     36%         5    ######.
 Invisibility             Hex            #.......     100%        6    #######


Dungeon Overview and Level Annotations

Branches:
Dungeon (10/15)            Temple (1/1) D:4            Lair (1/6) D:8
    Orc: D:9-12

Altars:
Ashenzari
Cheibriados
Dithmenos
Elyvilon
Fedhas
Gozag
Hepliaklqana
Kikubaaqudgha
Nemelex Xobeh
Okawaru
Qazlal
Ru
Sif Muna
Trog
Uskayaw
Vehumet
Xom
Yredelemnul
Zin


Innate Abilities, Weirdness & Mutations

You cannot wear most types of armour.
You are very stealthy in the water. (Stealth+)
You are amphibious.
You can wear up to eight rings at the same time.
You can use your tentacles to constrict eight enemies at once.
Your skin changes colour to match your surroundings (Stealth+).
Your rubbery body absorbs attacks. (AC +1, EV +1)


Message History

The wolf closely misses you.
Found a ration.
You flicker for a moment.
Found a stone staircase leading down.
Your hearing returns.
The wolf bites you! The wolf misses you.
Okay, then.
Okay, then.
As you read the scroll of teleportation, it crumbles to dust.
You feel strangely unstable.
The sentinel's mark upon you fades away.
The wolf bites you.
* * * LOW HITPOINT WARNING * * *
The wolf bites you!
* * * LOW HITPOINT WARNING * * *
The wolf barely misses you. x4
You flicker back into view.
The wolf misses you. The porcupine bites you!
You die...
Your body crumbles into a pile of gold.

######## #### .......
.......# #...........
.......
......####..........# .
.......#..#.#.......## .
.........#...........# .
....................# .
....................# .
.
...............h...#....
.
..............hr@.......
.
...............h........
.
........................
...=....................
......#.................
......#.................
......##...........>..#
.. .. ##........%...##


You could see 3 wolves and a porcupine.

Vanquished Creatures
  3 death yaks (D:8)
  A black mamba (Lair:1)
  A hippogriff (D:9)
  A wyvern (D:10)
  The ghost of shugdite the Cleaver, an amateur GnWn (D:4)
  5 yaks (D:8)
  Grum (D:10)
  2 black bears
  An orc warrior (D:5)
  2 ice beasts
  A sky beast (D:6)
  A centaur (D:4)
  3 wolves (D:10)
  An ogre (D:4)
  A big kobold (D:9)
  5 bullfrogs
  4 scorpions
  11 wights
  4 howler monkeys
  3 crimson imps
  2 jellies
  3 hounds
  Crazy Yiuf (D:5)
  5 orc priests
  3 bullfrog skeletons (D:4)
  A gnoll shaman (D:7)
  2 centaur skeletons
  3 iguanas
  Natasha (thrice) (D:3)
  9 orc wizards
  8 worker ants
  A killer bee zombie (D:5)
  A howler monkey zombie (D:5)
  2 worker ant zombies
  2 howler monkey skeletons
  8 gnolls
  9 adders
  2 shadow imps
  An adder zombie (D:8)
  3 worms
  2 dart slugs (D:1)
  4 leopard geckos
  25 orcs
  6 giant cockroaches
  6 hobgoblins
  6 quokkas
  6 bats
  4 frilled lizards
  5 goblins
  A jackal skeleton (D:7)
  8 kobolds
  2 quokka skeletons (D:4)
  9 rats
205 creatures vanquished.

Notes
Turn   | Place    | Note
-------+----------+-------------------------------------------
     0 | D:1      | ohad the Octopode Transmuter began the quest for the Orb.
     0 | D:1      | Reached XP level 1. HP: 13/13 MP: 3/3
   295 | D:1      | Reached XP level 2. HP: 18/18 MP: 3/5
   316 | D:1      | Learned a level 2 spell: Sticks to Snakes
   653 | D:1      | Reached XP level 3. HP: 14/23 MP: 6/6
   658 | D:1      | Learned a level 3 spell: Spider Form
  1252 | D:2      | Found a faded altar of an unknown god.
  1992 | D:3      | Noticed Natasha
  2009 | D:3      | Killed Natasha
  2009 | D:3      | Reached XP level 4. HP: 16/28 MP: 1/7
  2136 | D:3      | Noticed Natasha
  2157 | D:3      | Killed Natasha
  2358 | D:3      | Noticed Natasha
  2365 | D:3      | Killed Natasha
  2365 | D:3      | Reached XP level 5. HP: 24/33 MP: 5/10
  2406 | D:3      | Learned a level 4 spell: Ice Form
  2733 | D:3      | Reached skill level 1 in Ice Magic
  3561 | D:4      | Reached XP level 6. HP: 22/38 MP: 6/11
  3851 | D:4      | Found a basalt altar of Yredelemnul.
  4284 | D:4      | Reached XP level 7. HP: 43/43 MP: 5/13
  4349 | D:4      | Found a staircase to the Ecumenical Temple.
  4359 | Temple   | Entered the Ecumenical Temple
  4430 | Temple   | Became a worshipper of Gozag Ym Sagoz the Greedy
  4568 | D:4      | Reached skill level 5 in Transmutations
  4864 | D:4      | Reached skill level 5 in Spellcasting
  5039 | D:4      | Learned a level 5 spell: Blade Hands
  5072 | D:4      | Found a runed translucent gate.
  5072 | D:4      | Found a runed translucent gate.
  5072 | D:4      | Found a runed translucent gate.
  5077 | D:4      | Noticed shugdite's ghost (amateur GnWn)
  5140 | D:5      | Entered Level 5 of the Dungeon
  5270 | D:4      | Killed shugdite's ghost
  5270 | D:4      | Reached XP level 8. HP: 33/50 MP: 12/15
  5275 | D:4      | Reached skill level 4 in Unarmed Combat
  6007 | D:5      | Found a runed translucent door.
  6008 | D:5      | Noticed Crazy Yiuf
  6018 | D:5      | Killed Crazy Yiuf
  6479 | D:6      | Reached XP level 9. HP: 27/59 MP: 16/16
  6744 | D:6      | Reached skill level 5 in Fighting
  6990 | D:6      | Reached skill level 5 in Dodging
  7147 | D:6      | Found a shadowy altar of Dithmenos.
  7150 | D:6      | Found a shimmering altar of Xom.
  7150 | D:6      | Found a stormy altar of Qazlal.
  7509 | D:7      | Found a hazy altar of Hepliaklqana.
  7539 | D:7      | Reached skill level 5 in Unarmed Combat
  8121 | D:8      | Found Nomnorank's Assorted Antiques.
  8152 | D:8      | Found a staircase to the Lair.
  8173 | D:8      | Reached skill level 6 in Unarmed Combat
  8799 | D:8      | Noticed a death yak
  8820 | D:8      | HP: 3/74 [death yak (16)]
  8827 | D:8      | Killed a death yak
  8827 | D:8      | Reached skill level 8 in Unarmed Combat
  8827 | D:8      | Reached XP level 10. HP: 14/68 MP: 15/17
  9176 | D:8      | Noticed a death yak
  9193 | D:8      | Killed a death yak
  9193 | D:8      | Reached skill level 9 in Unarmed Combat
  9202 | D:8      | Noticed a death yak
  9217 | D:8      | Killed a death yak
  9217 | D:8      | Reached skill level 10 in Unarmed Combat
  9838 | D:9      | Found a snail-covered altar of Cheibriados.
 10045 | D:9      | Reached skill level 11 in Unarmed Combat
 10166 | D:9      | Found an ancient bone altar of Kikubaaqudgha.
 10410 | D:10     | Entered Level 10 of the Dungeon
 10440 | D:10     | Noticed Grum
 10448 | D:10     | Reached skill level 1 in Stealth
 10460 | D:10     | Killed Grum
 10466 | D:10     | Reached XP level 11. HP: 35/72 MP: 16/18
 10468 | D:10     | Reached skill level 5 in Stealth
 10469 | D:10     | Noticed a two-headed ogre
 10521 | Lair:1   | Entered Level 1 of the Lair of Beasts
 10864 | Lair:1   | Slain by a porcupine

Skill      XL: |  1  2  3  4  5  6  7  8  9 10 11 |
---------------+----------------------------------+-----
Transmutations | 3 4 5 6 |  6.3
Spellcasting   | 3 4 5 |  5.1
Ice Magic      | 3 |  3.0
Fighting       | 4 6 |  6.0
Unarmed Combat | 4 8 11 | 11.1
Dodging        | 4 5 6 |  6.5
Stealth        | 4 5 |  5.3

Action                   |  1- 3 |  4- 6 |  7- 9 | 10-12 || total
-------------------------+-------+-------+-------+-------++-------
Melee: Unarmed           |   105 |    90 |   323 |   111 ||   629
       Constrict         |    26 |     3 |    10 |     2 ||    41
       Kick              |     8 |     1 |       |       ||     9
       Tentacles         |    18 |     2 |     4 |     1 ||    25
       Punch             |       |       |     1 |     2 ||     3
 Cast: Beastly Appendage |     9 |     1 |     1 |       ||    11
       Spider Form       |     3 |     6 |     1 |       ||    10
       Sticks to Snakes  |       |     2 |       |     5 ||     7
       Ice Form          |       |     5 |    31 |    12 ||    48
  Use: Scroll            |       |       |    10 |     8 ||    18
       Potion            |       |       |     5 |     3 ||     8
 Stab: Sleeping          |     6 |     2 |     2 |       ||    10
       Distracted        |       |       |     2 |       ||     2
  Eat: Chunk             |     4 |     5 |     2 |       ||    11
       Ration            |       |     1 |     6 |     3 ||    10
Armor: Skin              |    12 |    21 |    50 |    13 ||    96
Dodge: Dodged            |    67 |    74 |   156 |    59 ||   356
